 Dungeon Crawl Stone Soup version 0.14.1-23-g35e4e54 (webtiles) character file.

2635 Christof the Basher (level 9, -2/75 HPs)
             Began as a Minotaur Fighter on June 14, 2014.
             Was a Follower of Okawaru.
             Slain by a killer bee (3 damage)
             ... on Level 7 of the Dungeon.
             The game lasted 00:29:01 (6081 turns).

Christof the Basher (Minotaur Fighter)              Turns: 6081, Time: 00:29:02

HP  -2/75        AC  6     Str 21      XL: 9   Next: 20%
MP   4/4         EV  7     Int  8      God: Okawaru [*.....]
Gold 292         SH 33     Dex 10      Spells:  0 memorised,  8 levels left

rFire  . . .     SeeInvis .     a - +0 flail
rCold  . . .     Clarity  .     r - +1 leather armour of Chuthat {Acc+6 Dam-4 Stlth++}
rNeg   . . .     Conserve .     m - +0 large shield
rPois  .         rCorr    .     (helmet restricted)
rElec  .         rRot     .     l - +0 cloak
SustAb . .       Spirit   .     (no gloves)
rMut   .         Warding  .     (no boots)
Saprov . . .     Stasis   .     (no amulet)
MR     .....                    (no ring)
                                f - ring of sustenance

@: lethally poisoned, not resistant to hostile enchantments, fairly stealthy
A: retaliatory headbutt, horns 2
a: Heroism, Renounce Religion


You were on level 7 of the Dungeon.
You worshipped Okawaru.
Okawaru was aware of your devotion.
You were not hungry.

You visited 2 branches of the dungeon, and saw 8 of its levels.

You collected 292 gold pieces.

Inventory:

Hand weapons
 a - a +0,+0 flail (weapon)
 e - a cursed +2,+2 morningstar
Armour
 b - a cursed +0 scale mail
 c - a +0 shield
 l - a +0 cloak (worn)
 m - a +0 large shield (worn)
 r - the +1 leather armour of Chuthat (worn) {Acc+6 Dam-4 Stlth++}
   (You found it on level 4 of the Dungeon)

   It affects your accuracy with ranged weapons and melee attacks (+6).
   It affects your damage with ranged weapons and melee attacks (-4).
   It makes you much more stealthy.
Magical devices
 w - a wand of fireball (2) {unknown}
 x - a wand of disintegration (7) {unknown}
 y - a wand of teleportation (1) {unknown}
Comestibles
 d - 4 bread rations
 g - a choko
 h - 4 meat rations
 s - 4 apples
 A - a beef jerky
Scrolls
 j - a scroll of remove curse
 k - 3 scrolls of identify
 n - a scroll of fear
 z - a scroll of teleportation {unknown}
 B - a scroll of amnesia {unknown}
Jewellery
 f - a ring of sustenance (left hand)
Potions
 i - a potion of brilliance {unknown}
 o - 5 potions of curing {unknown}
 p - a potion of cure mutation {unknown}
 u - a potion of magic {unknown}
 v - 2 potions of invisibility {unknown}
Books
 t - a book of Summonings

   Spells                             Type                      Level
   Abjuration                         Summoning                    3
   Recall                             Summoning/Translocation      3
   Summon Elemental                   Summoning                    4
   Shadow Creatures                   Summoning                    5
   Summon Demon                       Summoning                    5
   Monstrous Menagerie                Summoning                    6


   Skills:
 + Level 6.2 Fighting
 * Level 10.4 Maces & Flails
 + Level 5.9 Armour
 + Level 8.9 Shields


You had 8 spell levels left.
You didn't know any spells.

Dungeon Overview and Level Annotations

Branches:
Dungeon (7/15)             Temple (1/1) D:6

Altars:
Cheibriados
Dithmenos
Elyvilon
Fedhas
Makhleb
Nemelex Xobeh
Okawaru
Sif Muna
Trog
Yredelemnul
The Shining One


Innate Abilities, Weirdness & Mutations

You reflexively headbutt those who attack you in melee.
You have a pair of horns on your head.


Message History

You feel sick. You block the killer bee's attack.
You block the killer bee's attack.
You feel sick. You block the killer bee's attack.
The killer bee stings you but does no damage.
You block the killer bee's attack. x2
The killer bee stings you.
* * * LOW HITPOINT WARNING * * *
You block the killer bee's attack.
You feel sick. You block the killer bee's attack.
You block the killer bee's attack. You block the giant frog's attack.
The killer bee stings you.
* * * LOW HITPOINT WARNING * * *
The killer bee stings you.
* * * LOW HITPOINT WARNING * * *
As you read the scroll labeled NOEB IMMEA, it crumbles to dust.
The creatures around you are filled with an inner flame!
It was a scroll of immolation.
The killer bee closely misses you. You block the giant frog's attack.
You block the killer bee's attack. The killer bee stings you.
You die...

#. #.# #.# #. #.# #.####
##. ##.## #....# #
...##...#####....# .#
.................###.###
...##...)..............#
... #...#####...k..#.#.#
... #...# #..kkF.#.#.# #
... #...#
#...@..#.#.##.# #..
#...# #.............#
#.. #...#
#...>..#.#.#### #..
#####
#......#.#.######## .
##......#.#....<)..#
...........#........#
###........)).......#
#......###........#
##########...######


You could see a giant frog (inner flame) and 3 killer bees.

Vanquished Creatures
  Pikel (D:6)
  2 orc warriors
  3 ice beasts
  An ogre (D:5)
  Duvessa (D:6)
  2 giant frogs (D:6)
  A centaur (D:6)
  A gnoll sergeant (D:7)
  2 killer bees (D:7)
  2 scorpions
  3 wights (D:6)
  Dowan (D:6)
  2 crimson imps (D:6)
  A hound (D:7)
  A centaur zombie (D:5)
  An orc priest (D:4)
  A jelly (D:6)
  2 worker ants
  4 orc wizards
  2 iguanas
  A mummy (D:6)
  7 adders
  A shadow imp (D:6)
  A giant mite (D:4)
  4 worms
  An inept feature mimic (D:4)
  An orc zombie (D:7)
  An orc skeleton (D:4)
  2 giant geckos
  21 orcs
  8 bats
  4 giant cockroaches
  15 goblins
  13 hobgoblins
  7 jackals
  6 quokkas
  2 giant newts
  2 jackal skeletons
  A jackal zombie (D:7)
  19 kobolds
  5 rats
156 creatures vanquished.

Vanquished Creatures (others)
  3 slaves (D:6)
  A wight (D:6)
  An orc wizard (D:6)
  2 orcs (D:6)
7 creatures vanquished.

Grand Total: 163 creatures vanquished

Notes
Turn   | Place    | Note
--------------------------------------------------------------
     0 | D:1      | Christof, the Minotaur Fighter, began the quest for the Orb.
     0 | D:1      | Reached XP level 1. HP: 19/19 MP: 1/1
   115 | D:1      | Reached XP level 2. HP: 27/27 MP: 1/1
   256 | D:1      | Reached skill level 4 in Fighting
   717 | D:2      | Reached XP level 3. HP: 33/33 MP: 2/2
   793 | D:2      | Found a bloodstained altar of Trog.
  1296 | D:3      | Reached XP level 4. HP: 33/40 MP: 2/2
  1574 | D:3      | Found a blossoming altar of Fedhas.
  2191 | D:4      | Reached XP level 5. HP: 47/47 MP: 2/2
  2197 | D:4      | Reached skill level 5 in Shields
  2475 | D:4      | Got a twisted leather armour
  2486 | D:4      | Identified the +1 leather armour of Chuthat {Acc+6 Dam-4 Stlth++} (You found it on level 4 of the Dungeon)
  2499 | D:4      | Found a snail-covered altar of Cheibriados.
  2543 | D:5      | Entered Level 5 of the Dungeon
  2829 | D:4      | Reached skill level 5 in Armour
  2829 | D:4      | Reached XP level 6. HP: 39/53 MP: 3/3
  3385 | D:5      | Reached skill level 5 in Maces & Flails
  3545 | D:5      | Noticed an ogre
  3552 | D:5      | Killed an ogre
  3552 | D:5      | Reached skill level 5 in Fighting
  3676 | D:5      | Noticed an ice beast
  3707 | D:5      | Killed an ice beast
  3707 | D:5      | Reached skill level 6 in Shields
  3707 | D:5      | Reached XP level 7. HP: 42/61 MP: 3/3
  4270 | D:6      | Noticed Pikel
  4285 | D:6      | Killed Pikel
  4285 | D:6      | Reached skill level 8 in Maces & Flails
  4285 | D:6      | Reached XP level 8. HP: 58/69 MP: 3/3
  4301 | D:6      | Reached skill level 9 in Maces & Flails
  4327 | D:6      | Found a staircase to the Ecumenical Temple.
  4450 | Temple   | Entered the Ecumenical Temple
  4468 | Temple   | Became a worshipper of Warmaster Okawaru
  5035 | D:6      | Noticed Dowan
  5036 | D:6      | Noticed Duvessa
  5057 | D:6      | Killed Duvessa
  5070 | D:6      | Killed Dowan
  5357 | D:6      | Found a burning altar of Makhleb.
  5358 | D:6      | Found a deep blue altar of Sif Muna.
  5436 | D:6      | Reached skill level 10 in Maces & Flails
  5485 | D:6      | Reached XP level 9. HP: 58/75 MP: 4/4
  5657 | D:7      | Acquired Okawaru's first power
  6080 | D:7      | HP: 2/75 [killer bee (5)]
  6081 | D:7      | Slain by a killer bee

Action                   |  1- 3 |  4- 6 |  7- 9 || total
-------------------------+-------+-------+-------++-------
Melee: Flail             |    98 |   192 |   298 ||   588
  Use: Potion            |       |     2 |     1 ||     3
       Scroll            |       |     2 |     5 ||     7
 Stab: Sleeping          |       |     1 |     1 ||     2
       Distracted        |       |       |     1 ||     1
